 Dungeon Crawl Stone Soup version 5.4-101-gcf516dc (webtiles) character file.

86 Charmandara the Poker (level 5, -7/30 HPs)
             Began as a Tengu Skald on Mar 18, 2018.
             Mangled by an ogre
             ... wielding a +0 giant club
              (25 damage)
             ... on level 4 of the Dungeon.
             The game lasted 00:05:35 (2751 turns).

Charmandara the Poker (Tengu Skald)                 Turns: 2751, Time: 00:05:36

Health: -7/30      AC:  3 (14%)Str: 13  XL:     5   Next: 91%
Magic:  2/6        EV: 13    Int: 13    God:
Gold:   224        SH:  0    Dex: 13    Spells: 2/8 levels left

rFire    . . .     SeeInvis .   c - +2 hand axe (flame)
rCold    . . .     Faith    .   (no shield)
rNeg     . . .     Spirit   .   b - +0 leather armour
rPois    .         Reflect  .   (helmet restricted)
rElec    .                      (no cloak)
rCorr    .                      (no gloves)
MR       .....                  (boots unavailable)
Stlth    +.........             k - amulet of regeneration {@e1+regen, !d}
Regen    0.5/turn               n - ring of wizardry {Wiz+, !d}
MPRegen  0.4/turn               (no ring)

@: flying quickly and evasively, quick
A: beak, talons 3, able to fly
a: Stop Flying, Stop Singing, End Infusion


You were on level 4 of the Dungeon.
You were not hungry.

You visited 1 branch of the dungeon, and saw 4 of its levels.

You collected 224 gold pieces.

Inventory:

Hand Weapons
 a - a +0 spear
 c - a +2 hand axe of flaming (weapon)
   (You found it on level 1 of the Dungeon)
Missiles
 p - 16 poisoned darts
Armour
 b - a +0 leather armour (worn)
Jewellery
 k - an amulet of regeneration (around neck) {@e1+regen, !d}
   (You found it on level 2 of the Dungeon)
 n - a ring of wizardry (left hand) {Wiz+, !d}
   (You found it on level 3 of the Dungeon)
Wands
 m - a wand of polymorph (6)
Scrolls
 g - 2 scrolls of teleportation
 l - 2 scrolls of fog
 o - a scroll of amnesia
 q - a scroll of immolation {!r}
Potions
 d - a potion of cancellation
 e - a potion of berserk rage {!q}
 f - 2 potions of mutation
 h - a potion of lignification
 i - a potion of flight
 j - a potion of ambrosia
 r - a potion of augmentation


   Skills:
 - Level 2.0 Fighting
 + Level 6.5 Polearms
 - Level 1.1 Armour
 - Level 1.1 Dodging
 - Level 2.0 Spellcasting
 - Level 2.4 Charms


You had 2 spell levels left.
You knew the following spells:

 Your Spells              Type           Power        Failure   Level  Hunger
a - Infusion              Chrm           7 (25)       4%          1    N/A
r - Regeneration          Chrm/Necr      4 (200)      24%         3    N/A
S - Song of Slaying       Chrm           7 (100)      8%          2    N/A

Dungeon Overview and Level Annotations

Branches:
Dungeon (4/15)

Altars:
Jiyva
Nemelex Xobeh
Uskayaw
The Shining One


Innate Abilities, Weirdness & Mutations

You have a beak for a mouth.
You have claws for feet.
You can fly continuously.


Message History

You barely miss the hound. You claw the hound (3). The hound bites you (3).
The hound bites you (1).
You take 3 damage, and have 19/26 hp.
You hit the hound but do no damage. Your kick misses the hound.
Your peck misses the hound. The hound completely misses you.
You miss the hound. You claw the hound (5). Your peck misses the hound.
The hound bites you (6). The hound barely misses you.
You take 5 damage, and have 14/26 hp.
You barely miss the hound. Your kick misses the hound.
The hound bites you but does no damage. The hound closely misses you.
You hit the hound (9)! You burn the hound (3).
You kill the hound!
You have reached level 5!
You have gained the ability to fly continuously.
You regained 2 hp, and now have 17/30 hp.
You now have 4/6 mp.
There's nothing to close nearby.
You start resting.
Health restored: 30; MP restored: 6 You swoop lightly up into the air.
You feel very comfortable in the air.
You now have 3/6 mp.
You start resting.
MP restored: 6 Unknown command.
You reach down and open the door.
You see here a stone.
You see here 146 stones.
There is a stone staircase leading down here.
Found a stone staircase leading down.
A quokka comes into view.
The quokka moves out of view.
A quokka is nearby!
The quokka barely misses you.
You hit the quokka (7)! You burn the quokka (2).
You kill the quokka!
You now have 5/6 mp.
MP restored: 6 A scorpion comes into view.
You hit the scorpion (3). You burn the scorpion (1).
Your kick misses the scorpion.
The scorpion stings you but does no damage.
You now have 5/6 mp.
You hit the scorpion (6). You burn the scorpion (1).
You peck the scorpion, but do no damage.
The scorpion stings you but does no damage.
The scorpion stings you (6).
You take 6 damage, and have 24/30 hp.
You now have 4/6 mp.
You hit the scorpion (5). You burn the scorpion (3).
You kill the scorpion!
Your Polearms skill increases to level 6!
You start resting.
Health restored: 30; MP restored: 6 Done exploring.
Done exploring.
You see here a +0 leather armour.
There is a hide-covered altar of Uskayaw here.
Unknown command.
Search for what [Enter for "."]?
There is a stone staircase leading down here.
Unknown command.
You fly downwards. 2 jackals and a skeleton come into view.
Unknown command.
The jackal barks! x2
The jackal bites you (1).
You take 1 damage, and have 29/30 hp.
You hit the jackal (7)! You burn the jackal (2).
You kill the jackal!
You hear a shout!
An ogre comes into view. It is wielding a +0 giant club.
Health restored: 30 You now have 5/6 mp.
You completely miss the jackal. Your kick misses the jackal.
The jackal bites you but does no damage.
You barely miss the jackal. You claw the jackal, but do no damage.
You peck the jackal (3). You hit the centaur skeleton (9)!
You burn the centaur skeleton (4).
The jackal bites you but does no damage.
The centaur skeleton misses you.
The jackal bites you but does no damage.
You hit the jackal (3). You burn the jackal (2).
You kill the jackal!
You hit the ogre (7)! You burn the ogre (1). You hit the centaur skeleton (6).
You burn the centaur skeleton (2). The centaur skeleton barely misses you.
The ogre hits you with a +0 giant club (13)!
The centaur skeleton hits you but does no damage.
You take 13 damage, and have 17/30 hp.
MASSIVE DAMAGE!!
You now have 3/6 mp.
You hit the ogre (2). You burn the ogre (1). You hit the centaur skeleton (5).
You burn the centaur skeleton (1).
You destroy the centaur skeleton!
The ogre closely misses you.
You now have 2/6 mp.
You barely miss the ogre.
Unknown command.
You barely miss the ogre.
The ogre hits you with a +0 giant club (25)!!
Ouch! That really hurt!
You die...

.# #######..#
######...O....#.
.........@.......
#.........###.##.
#.........#
#..........
#...........
#............
#..........(..
..............


You could see an ogre.

Vanquished Creatures
  A scorpion (D:3)
  A hound (D:3)
  A centaur skeleton (D:4)
  4 adders (D:2)
  An ooze (D:1)
  2 dart slugs
  An orc (D:3)
  3 quokkas
  A ball python (D:1)
  3 giant cockroaches
  6 goblins
  8 hobgoblins
  5 jackals
  6 bats
  2 frilled lizards
  10 kobolds
  5 rats
60 creatures vanquished.

Notes
Turn   | Place    | Note
-------+----------+-------------------------------------------
     0 | D:1      | Charmandara the Tengu Skald began the quest for the Orb.
     0 | D:1      | Reached XP level 1. HP: 12/12 MP: 4/4
   138 | D:1      | Reached skill level 3 in Polearms
   138 | D:1      | Reached XP level 2. HP: 14/17 MP: 6/6
   705 | D:1      | Reached XP level 3. HP: 21/21 MP: 7/7
   710 | D:1      | Learned a level 2 spell: Song of Slaying
   714 | D:1      | Learned a level 3 spell: Regeneration
   773 | D:2      | Reached skill level 4 in Polearms
  1097 | D:2      | Reached XP level 4. HP: 20/26 MP: 2/4
  1568 | D:2      | Reached skill level 5 in Polearms
  1908 | D:3      | Found a glowing golden altar of the Shining One.
  1928 | D:3      | Found a sparkling altar of Nemelex Xobeh.
  2147 | D:3      | Found a viscous altar of Jiyva.
  2214 | D:3      | Found a hide-covered altar of Uskayaw.
  2368 | D:3      | Gained mutation: You can fly continuously. [Tengu growth]
  2368 | D:3      | Reached XP level 5. HP: 17/30 MP: 4/6
  2574 | D:3      | Reached skill level 6 in Polearms
  2746 | D:4      | Noticed an ogre
  2751 | D:4      | Mangled by an ogre

Skill      XL: |  1  2  3  4  5 |
---------------+----------------+-----
Polearms       | 3 4 5 6 |  6.5
Fighting       | |  2.0
Armour         | |  1.1
Dodging        | |  1.1
Spellcasting   | |  2.0
Charms         | |  2.4

Action                   |  1- 3 |  4- 6 || total
-------------------------+-------+-------++-------
Melee: Spear             |     9 |       ||     9
       Kick              |    10 |     6 ||    16
       Hand axe          |    40 |    65 ||   105
       Peck              |     5 |     5 ||    10
 Cast: Infusion          |     1 |       ||     1
       Song of Slaying   |     1 |       ||     1
 Abil: Fly               |       |     1 ||     1
 Stab: Sleeping          |       |     1 ||     1
Armor: Leather armour    |     8 |    19 ||    27
Dodge: Dodged            |    24 |    50 ||    74

Vault maps used:
D:1:      mrwooster_arrival_arrow, serial_corexii_hall, corexii_hall_statues_l,
          corexii_hall_statues_l, patterned_corridor
D:2:      minmay_wonky_spiral
D:3:      marbit_many_paths, nicolae_overflow_crystal_walls,
          lemuel_crystal_altar, nemelex_diamond_rough_becter
D:4:      hellmonk_temple_overflow_statues, amethyst_overflow_temple_binary

Table legend:
 A = Turns spent in this place as a percentage of turns spent in the entire game.
 B = Non-inter-level travel turns spent in this place as a percentage of non-inter-level travel turns spent in the entire game.
 C = Inter-level travel turns spent in this place as a percentage of turns spent in this place.
 D = Turns resting spent in this place as a percentage of non-inter-level travel turns spent in this place.
 E = Turns spent auto-exploring this place as a percentage of non-inter-level travel turns spent in this place.
 F = Non-inter-level travel turns spent in this place divided by the number of levels of this place that you've seen.
                   A       B       C       D       E      F
               +-------+-------+-------+-------+-------+----------------------
         Total | 100.0 | 100.0 |   0.8 |   3.6 |  10.4 | 147.0
       Dungeon | 100.0 | 100.0 |   0.8 |   3.6 |  10.4 | 147.0
               +-------+-------+-------+-------+-------+----------------------

Table legend:
 A = Kills in this place as a percentage of kills in entire the game.
 B = Kills by you in this place as a percentage of kills by you in the entire game.
 C = Kills by friends in this place as a percentage of kills by friends in the entire game.
 D = Other kills in this place as a percentage of other kills in the entire game.
 E = Experience gained in this place as a percentage of experience gained in the entire game.
 F = Experience gained in this place divided by the number of levels of this place that you have seen.
                   A       B       C       D       E      F
               +-------+-------+-------+-------+-------+----------------------
         Total | 100.0 | 100.0 |  -nan |  -nan | 100.0 |  76.5
       Dungeon | 100.0 | 100.0 |  -nan |  -nan | 100.0 |  76.5
               +-------+-------+-------+-------+-------+----------------------
